Sharks vs Flyers

Created - Wednesday, November 25, 2015 at 03:00

Goals
1 2 3 T
Sharks 1 0 0 1
Flyers 1 1 0 2
Shots
1 2 3 T
Sharks 12 7 5 24
Flyers 9 12 6 27

1st period

1. Flyers , Evgeni Malkin 18 (P.K. Subban) at 3:51 (PP)
2. Sharks , Mike Green 4 (Olli Jokinen, Dion Phaneuf) at 5:15 (PP)

Penalties :
Ian Cole (SJ ) for Tripping (Minor) at 3:35, Corey Perry (Phi) for Charging (Minor) at 4:58, Nicklas Grossmann (SJ ) for Hooking (Minor) at 8:08, Luke Glendening (Phi) for Elbowing (Minor) at 14:29, Maxim Lapierre (SJ ) for Holding (Minor) at 16:55

2nd period

3. Flyers , Bryan Little 13 (Taylor Hall) at 2:57

Penalties :
Taylor Hall (Phi) for Holding Stick (Minor) at 3:59, Barret Jackman (Phi) for Hooking (Minor) at 7:02, Mike Weber (SJ ) for Hooking (Minor) at 10:52, Corey Perry (Phi) for Holding (Minor) at 13:35

3rd period

No Goal

Penalties :
Chris Kreider (Phi) for Fighting (Major) at 2:26, Nicolas Deslauriers (SJ ) for Fighting (Major) at 2:26, Jakub Voracek (Phi) for Interference (Minor) at 2:35, Luca Sbisa (SJ ) for Hooking (Minor) at 5:32, Chris Kreider (Phi) for Hooking (Minor) at 9:34, Bryan Little (Phi) for Hooking (Minor) at 13:50, Barret Jackman (Phi) for Hooking (Minor) at 14:40, Jay Harrison (SJ ) for Charging (Double Minor) at 16:58

Goalie Stats

Antti Raanta (SJ ), 25 saves from 27 shots - (0.926), L, 1-1-0, 60:00 minutes
Corey Crawford (Phi), 23 saves from 24 shots - (0.958), W, 13-2-0, 60:00 minutes

Players Stats for Sharks

Player Name              G  A  P  +/- PIM S  H  SB GA TA FO     MP     PP MP  PK MP  
------------------------------------------------------------------------------------
Brad Richards            0  0  0  -1  0   3  0  0  2  0  9/21   17:24   7:35   3:04 
Brian Gionta             0  0  0  -1  0   1  1  2  0  0  3/8    24:03   6:58   6:10 
Curtis Glencross         0  0  0   0  0   0  2  0  1  0  1/1     8:23   0:00   2:36 
Derek Roy                0  0  0   0  0   1  1  0  3  0  1/1    17:02   7:25   0:00 
Dion Phaneuf             0  1  1   0  0   8  6  1  0  1  0/0    28:05   7:44   6:39 
Erik Cole                0  0  0  -1  0   1  0  0  4  0  0/0    22:06   7:35   6:59 
Ian Cole                 0  0  0   0  2   0  1  0  0  0  0/0     3:30   0:00   0:00 
Jay Harrison             0  0  0   0  4   0  1  1  0  4  0/0    12:57   0:00   1:38 
Luca Sbisa               0  0  0   0  2   0  1  2  0  0  0/0    10:56   0:00   0:00 
Maxim Lapierre           0  0  0   0  2   0  2  1  0  0  1/9    12:16   0:00   0:00 
Mike Green               1  0  1   0  0   1  0  3  2  0  0/0    24:34   7:44   6:39 
Mike Weber               0  0  0  -1  2   1  2  4  1  1  0/0    20:01   7:16   3:38 
Nicklas Grossmann        0  0  0  -1  2   1  0  0  0  2  0/0    20:50   7:16   3:52 
Nicolas Deslauriers      0  0  0   0  5   1  1  0  0  0  0/0     5:43   0:00   0:55 
Olli Jokinen             0  1  1   0  0   3  2  0  3  0  0/1    16:52   7:25   0:00 
Richard Panik            0  0  0   0  0   0  0  0  3  1  0/0    11:49   0:00   0:00 
Tomas Fleischmann        0  0  0   0  0   2  1  0  3  0  0/0    12:35   0:37   0:00 
Vernon Fiddler           0  0  0   0  0   1  1  0  3  0  7/11   19:40   7:25   2:48 

Players Stats for Flyers

Player Name              G  A  P  +/- PIM S  H  SB GA TA FO     MP     PP MP  PK MP  
------------------------------------------------------------------------------------
Barret Jackman           0  0  0   1  4   1  0  1  0  1  0/0    15:08   0:00   4:28 
Bryan Little             1  0  1   1  2   3  2  1  0  1  13/23  24:35   4:32   7:33 
Chris Kreider            0  0  0   0  7   1  1  0  2  0  0/1    12:11   5:07   0:00 
Corey Perry              0  0  0   1  4   1  0  1  3  0  0/1    15:14   6:19   0:00 
Evgeni Malkin            1  0  1   0  0   6  1  0  1  0  9/13   20:46   6:19   3:10 
Gabriel Landeskog        0  0  0   0  0   5  0  0  0  1  0/0    16:08   5:22   1:33 
Jakub Voracek            0  0  0   0  2   0  0  0  2  0  0/1    16:32   4:54   0:00 
Justin Faulk             0  0  0   0  0   0  0  0  0  0  0/0     0:00   0:00   0:00 
Kyle Okposo              0  0  0   0  0   2  1  0  3  0  0/1    15:35   4:54   0:00 
Luke Glendening          0  0  0   0  2   0  3  0  0  0  1/1    16:38   0:00   9:18 
Mark Giordano            0  0  0   0  0   2  1  2  2  2  0/0    24:17   4:57   7:39 
Mark Stuart              0  0  0   1  0   0  1  1  0  0  0/0    18:02   0:00   7:21 
Nate Thompson            0  0  0   0  0   0  2  0  0  0  1/1     6:47   0:00   1:00 
Niklas Kronwall          0  0  0   0  0   1  0  3  0  1  0/0    24:02   6:16   7:39 
P.K. Subban              0  1  1   0  0   1  0  1  0  3  0/0    21:14   6:16   2:52 
Riley Nash               0  0  0   0  0   0  0  1  2  0  6/10   14:36   0:22   5:56 
Taylor Hall              0  1  1   1  2   1  0  0  3  0  0/0     9:38   0:22   0:21 
Tom Gilbert              0  0  0   0  0   3  0  4  0  3  0/0    12:18   0:25   0:00 

3 Stars

1 - Corey Crawford (Phi)
2 - Dion Phaneuf (SJ )
3 - Bryan Little (Phi)

Power Play

Sharks - 1 on 9 Attempt(s) - 11.11%
Flyers - 1 on 7 Attempt(s) - 14.29%

Penalty Kill

Sharks - 6 on 7 Attempt(s) - 85.71% - Score 0 goal in Penalty Kill
Flyers - 8 on 9 Attempt(s) - 88.89% - Score 0 goal in Penalty Kill

Team Stat

Sharks - Hits : 22 - Faceoff Wins : 22 - Blocked Shots : 14 - Penalty Minutes : 19
Flyers - Hits : 12 - Faceoff Wins : 30 - Blocked Shots : 15 - Penalty Minutes : 23

Official

Referees : Unknown
Linesman : Unknown

Game Notes

Nicolas Deslauriers beats up Chris Kreider at 2:26 of 3rd period

Finance

Level 1 -- Attendance: 6000 (100.00%) -- Ticket Income $492,000
Level 2 -- Attendance: 4338 (86.76%) -- Ticket Income $225,576
Level 3 -- Attendance: 2000 (100.00%) -- Ticket Income $58,000
Level 4 -- Attendance: 3586 (89.65%) -- Ticket Income $64,548
Luxury Box -- Attendance: 853 (85.30%) -- Ticket Income $153,540
Game was played at the Wachovia Center.
Total Attendance: 16777 (93.21%)
Total Ticket Income: $993,664
Other Income: $486,895
Total Income: $1,480,559

Sharks

5 vs 5 Forward 
   Center                   Left Wing                Right Wing               Time % Phy DF OF 
 1 Brad Richards            Erik Cole                Brian Gionta             35     1   2  2  
 2 Vernon Fiddler           Olli Jokinen             Derek Roy                30     1   2  2  
 3 Maxim Lapierre           Tomas Fleischmann        Richard Panik            22     1   2  2  
 4 Brian Gionta             Curtis Glencross         Nicolas Deslauriers      13     1   2  2  

5 vs 5 Defense 
   Defense                  Defense                                           Time % Phy DF OF 
 1 Dion Phaneuf             Mike Green                                        35     1   2  2  
 2 Mike Weber               Nicklas Grossmann                                 30     1   2  2  
 3 Luca Sbisa               Jay Harrison                                      22     1   2  2  
 4 Ian Cole                 Dion Phaneuf                                      13     1   2  2  

PowerPlay Forward 
   Center                   Left Wing                Right Wing               Time % Phy DF OF 
 1 Brad Richards            Erik Cole                Brian Gionta             60     1   2  2  
 2 Vernon Fiddler           Olli Jokinen             Derek Roy                40     1   2  2  

PowerPlay Defense
   Defense                  Defense                                           Time % Phy DF OF 
 1 Dion Phaneuf             Mike Green                                        60     1   2  2  
 2 Mike Weber               Nicklas Grossmann                                 40     1   2  2  

Penalty Kill 4 Players Forward 
   Center                   Wing                     Time % Phy DF OF 
 1 Brian Gionta             Erik Cole                60     1   2  2  
 2 Brad Richards            Vernon Fiddler           40     1   2  2  

Penalty Kill 4 Players Defense
   Defense                  Defense                  Time % Phy DF OF 
 1 Dion Phaneuf             Mike Green               60     1   2  2  
 2 Mike Weber               Nicklas Grossmann        40     1   2  2  

Penalty Kill - 3 Players Forward 
   Forward                                           Time % Phy DF OF 
 1 Brian Gionta                                      60     1   2  2  
 2 Erik Cole                                         40     1   2  2  

Penalty Kill - 3 Players Defense
   Defense                  Defense                  Time % Phy DF OF 
 1 Dion Phaneuf             Mike Green               60     1   2  2  
 2 Mike Weber               Nicklas Grossmann        40     1   2  2  

4 vs 4 Forward 
   Center                   Wing                     Time % Phy DF OF 
 1 Brian Gionta             Erik Cole                60     1   2  2  
 2 Brad Richards            Vernon Fiddler           40     1   2  2  

4 vs 4 Defense
   Defense                  Defense                  Time % Phy DF OF 
 1 Dion Phaneuf             Mike Green               60     1   2  2  
 2 Mike Weber               Nicklas Grossmann        40     1   2  2  

Last Minutes Offensive
   Center                   Left Wing                Right Wing               Defense                  Defense                  
   Brad Richards            Erik Cole                Brian Gionta             Dion Phaneuf             Mike Green               

Last Minutes Defensive
   Center                   Left Wing                Right Wing               Defense                  Defense                  
   Brad Richards            Erik Cole                Brian Gionta             Dion Phaneuf             Mike Green               

Goaltenders
Starting : Antti Raanta             
Backup : Jonathan Quick           

Extra Forwards
Normal : Tomas Fleischmann, Maxim Lapierre, Curtis Glencross - PP : Tomas Fleischmann, Maxim Lapierre - PK : Curtis Glencross
Extra Defensemen
Normal : Luca Sbisa, Jay Harrison, Ian Cole - PP : Luca Sbisa - PK : Jay Harrison, Ian Cole
Penalty Shots
Brian Gionta, Erik Cole, Brad Richards, Vernon Fiddler, Olli Jokinen

Flyers

5 vs 5 Forward 
   Center                   Left Wing                Right Wing               Time % Phy DF OF 
 1 Evgeni Malkin            Jakub Voracek            Kyle Okposo              35     0   0  5  
 2 Bryan Little             Taylor Hall              Corey Perry              30     0   1  4  
 3 Riley Nash               Gabriel Landeskog        Luke Glendening          22     0   3  2  
 4 Nate Thompson            Chris Kreider            Bryan Little             13     1   3  1  

5 vs 5 Defense 
   Defense                  Defense                                           Time % Phy DF OF 
 1 Mark Giordano            Niklas Kronwall                                   35     0   2  3  
 2 P.K. Subban              Tom Gilbert                                       35     0   1  4  
 3 Mark Stuart              Barret Jackman                                    25     2   3  0  
 4 P.K. Subban              Tom Gilbert                                       5      0   3  2  

PowerPlay Forward 
   Center                   Left Wing                Right Wing               Time % Phy DF OF 
 1 Bryan Little             Jakub Voracek            Kyle Okposo              60     0   0  5  
 2 Evgeni Malkin            Chris Kreider            Corey Perry              40     0   1  4  

PowerPlay Defense
   Defense                  Defense                                           Time % Phy DF OF 
 1 P.K. Subban              Niklas Kronwall                                   60     0   0  5  
 2 Mark Giordano            Gabriel Landeskog                                 40     0   2  3  

Penalty Kill 4 Players Forward 
   Center                   Wing                     Time % Phy DF OF 
 1 Bryan Little             Luke Glendening          65     0   4  1  
 2 Nate Thompson            Riley Nash               35     0   5  0  

Penalty Kill 4 Players Defense
   Defense                  Defense                  Time % Phy DF OF 
 1 Mark Giordano            Niklas Kronwall          60     0   4  1  
 2 Barret Jackman           Mark Stuart              40     0   5  0  

Penalty Kill - 3 Players Forward 
   Forward                                           Time % Phy DF OF 
 1 Bryan Little                                      60     0   5  0  
 2 Riley Nash                                        40     0   5  0  

Penalty Kill - 3 Players Defense
   Defense                  Defense                  Time % Phy DF OF 
 1 Mark Giordano            Niklas Kronwall          60     0   5  0  
 2 Barret Jackman           Mark Stuart              40     0   5  0  

4 vs 4 Forward 
   Center                   Wing                     Time % Phy DF OF 
 1 Evgeni Malkin            Gabriel Landeskog        60     0   0  5  
 2 Riley Nash               Chris Kreider            40     0   1  4  

4 vs 4 Defense
   Defense                  Defense                  Time % Phy DF OF 
 1 P.K. Subban              Tom Gilbert              60     0   1  4  
 2 Mark Giordano            Niklas Kronwall          40     0   1  4  

Last Minutes Offensive
   Center                   Left Wing                Right Wing               Defense                  Defense                  
   Evgeni Malkin            Jakub Voracek            Kyle Okposo              P.K. Subban              Mark Giordano            

Last Minutes Defensive
   Center                   Left Wing                Right Wing               Defense                  Defense                  
   Bryan Little             Jakub Voracek            Luke Glendening          P.K. Subban              Niklas Kronwall          

Goaltenders
Starting : Corey Crawford           
Backup : Darcy Kuemper            

Extra Forwards
Normal : Chris Kreider, Gabriel Landeskog, Riley Nash - PP : Chris Kreider, Gabriel Landeskog - PK : Riley Nash
Extra Defensemen
Normal : Niklas Kronwall, Barret Jackman, Mark Stuart - PP : Tom Gilbert - PK : P.K. Subban, Tom Gilbert
Penalty Shots
Corey Perry, Evgeni Malkin, Kyle Okposo, Bryan Little, Jakub Voracek

% Time on Ice - Sharks

Lines # - Real PCT - Wanted PCT - Time Play
Normal Forward
1 - 24% - 35% - 8:12
2 - 28% - 30% - 9:27
3 - 35% - 22% - 11:49
4 - 13% - 13% - 4:19
Normal Defense
1 - 30% - 35% - 10:11
2 - 27% - 30% - 9:08
3 - 32% - 22% - 10:57
4 - 10% - 13% - 3:31
PP Forward
1 - 51% - 60% - 7:35
2 - 49% - 40% - 7:25
PP Defense
1 - 52% - 60% - 7:44
2 - 48% - 40% - 7:16
PK Forward
1 - 75% - 60% - 8:25
2 - 25% - 40% - 2:48
PK Defense
1 - 59% - 60% - 6:39
2 - 41% - 40% - 4:34
PK3 Forward
1 - 0% - 60%
2 - 0% - 40%
PK3 Defense
1 - 0% - 60%
2 - 0% - 40%
44 Forward
1 - 0% - 60%
2 - 0% - 40%
44 Defense
1 - 0% - 60%
2 - 0% - 40%
Last Minute Offensive  - 0:00
Last Minute Defensive  - 0:00
Total
Forward - 60:00
Defense - 60:00

% Time on Ice - Flyers

Lines # - Real PCT - Wanted PCT - Time Play
Normal Forward
1 - 39% - 35% - 13:05
2 - 27% - 30% - 9:08
3 - 19% - 22% - 6:32
4 - 15% - 13% - 5:02
Normal Defense
1 - 30% - 35% - 10:07
2 - 42% - 35% - 14:02
3 - 25% - 25% - 8:31
4 - 3% - 5% - 1:07
PP Forward
1 - 44% - 60% - 4:54
2 - 56% - 40% - 6:19
PP Defense
1 - 56% - 60% - 6:16
2 - 44% - 40% - 4:57
PK Forward
1 - 93% - 65% - 12:51
2 - 7% - 35% - 1:00
PK Defense
1 - 47% - 60% - 6:33
2 - 53% - 40% - 7:18
PK3 Forward
1 - 100% - 60% - 1:09
2 - 0% - 40% - 0:00
PK3 Defense
1 - 96% - 60% - 1:06
2 - 4% - 40% - 0:03
44 Forward
1 - 0% - 60%
2 - 0% - 40%
44 Defense
1 - 0% - 60%
2 - 0% - 40%
Last Minute Offensive  - 0:00
Last Minute Defensive  - 0:00
Total
Forward - 60:00
Defense - 60:00

Play by Play

1st period


0:01 of 1st period - Evgeni Malkin wins face-off versus Brad Richards in neutral zone.
0:28 of 1st period - Snap shot by Jakub Voracek.
0:28 of 1st period - Shot Blocked by Mike Green.
0:34 of 1st period - Wrist shot by Evgeni Malkin.
0:34 of 1st period - Shot Misses the Net.
0:36 of 1st period - Slapshot by Mark Giordano.
0:36 of 1st period - Stopped by Antti Raanta with a rebound.
1:45 of 1st period - Icing by Nicklas Grossmann.
1:46 of 1st period - Nate Thompson wins face-off versus Maxim Lapierre in Sharks zone.
1:55 of 1st period - Nate Thompson is hit by Maxim Lapierre and loses puck.
2:41 of 1st period - Snap shot by Brian Gionta.
2:41 of 1st period - Stopped by Corey Crawford without a rebound.
2:42 of 1st period - Vernon Fiddler wins face-off versus Evgeni Malkin in Flyers zone.
2:43 of 1st period - Slapshot by Dion Phaneuf.
2:43 of 1st period - Shot Blocked by P.K. Subban.
2:45 of 1st period - Snap shot by Olli Jokinen.
2:45 of 1st period - Shot Blocked by Tom Gilbert.
2:47 of 1st period - Snap shot by Olli Jokinen.
2:47 of 1st period - Shot Blocked by Tom Gilbert.
2:49 of 1st period - Snap shot by Dion Phaneuf.
2:49 of 1st period - Shot Misses the Net.
2:57 of 1st period - Slapshot by Evgeni Malkin.
2:57 of 1st period - Stopped by Antti Raanta without a rebound.
2:58 of 1st period - Vernon Fiddler wins face-off versus Evgeni Malkin in Sharks zone.
3:35 of 1st period - Minor Penalty to Ian Cole for Tripping.
3:36 of 1st period - Brian Gionta wins face-off versus Chris Kreider in Sharks zone.
3:51 of 1st period - Snap shot by Evgeni Malkin.
3:51 of 1st period - Goal by Evgeni Malkin - Sharks : 0 - Flyers : 1.
3:52 of 1st period - Brad Richards wins face-off versus Bryan Little in neutral zone.
3:59 of 1st period - Snap shot by Brad Richards.
3:59 of 1st period - Stopped by Corey Crawford with a rebound.
4:01 of 1st period - Slapshot by Mike Green.
4:01 of 1st period - Shot Blocked by Corey Perry.
4:23 of 1st period - Snap shot by Brad Richards.
4:23 of 1st period - Shot Blocked by Bryan Little.
4:25 of 1st period - Wrist shot by Dion Phaneuf.
4:25 of 1st period - Shot Misses the Net.
4:27 of 1st period - Backhand shot by Erik Cole.
4:27 of 1st period - Shot Misses the Net.
4:29 of 1st period - Wrist shot by Dion Phaneuf.
4:29 of 1st period - Stopped by Corey Crawford with a rebound.
4:58 of 1st period - Minor Penalty to Corey Perry for Charging.
4:59 of 1st period - Luke Glendening wins face-off versus Vernon Fiddler in Flyers zone.
5:07 of 1st period - Slapshot by Mike Green.
5:07 of 1st period - Shot Misses the Net.
5:09 of 1st period - Slapshot by Vernon Fiddler.
5:09 of 1st period - Stopped by Corey Crawford with a rebound.
5:11 of 1st period - Snap shot by Dion Phaneuf.
5:11 of 1st period - Stopped by Corey Crawford with a rebound.
5:13 of 1st period - Snap shot by Olli Jokinen.
5:13 of 1st period - Stopped by Corey Crawford with a rebound.
5:15 of 1st period - Slapshot by Mike Green.
5:15 of 1st period - Goal by Mike Green - Sharks : 1 - Flyers : 1.
5:16 of 1st period - Riley Nash wins face-off versus Brad Richards in neutral zone.
5:25 of 1st period - Snap shot by Gabriel Landeskog.
5:25 of 1st period - Shot Blocked by Jay Harrison.
6:23 of 1st period - Slapshot by Evgeni Malkin.
6:23 of 1st period - Stopped by Antti Raanta with a rebound.
6:25 of 1st period - Snap shot by Evgeni Malkin.
6:25 of 1st period - Shot Misses the Net.
6:27 of 1st period - Slapshot by Tom Gilbert.
6:27 of 1st period - Stopped by Antti Raanta with a rebound.
6:29 of 1st period - Slapshot by Jakub Voracek.
6:29 of 1st period - Shot Misses the Net.
6:31 of 1st period - Backhand shot by Tom Gilbert.
6:31 of 1st period - Stopped by Antti Raanta without a rebound.
6:32 of 1st period - Maxim Lapierre wins face-off versus Jakub Voracek in Sharks zone.
7:22 of 1st period - Dion Phaneuf is hit by Nate Thompson.
7:32 of 1st period - Mike Weber is hit by Nate Thompson and loses puck.
7:37 of 1st period - Snap shot by Bryan Little.
7:37 of 1st period - Shot Blocked by Mike Weber.
7:39 of 1st period - Slapshot by Mark Stuart.
7:39 of 1st period - Shot Misses the Net.
7:41 of 1st period - Snap shot by Barret Jackman.
7:41 of 1st period - Stopped by Antti Raanta without a rebound.
7:42 of 1st period - Vernon Fiddler wins face-off versus Bryan Little in Sharks zone.
7:57 of 1st period - Bryan Little is hit by Mike Weber and loses puck.
8:06 of 1st period - Wrist shot by Bryan Little.
8:06 of 1st period - Shot Misses the Net.
8:08 of 1st period - Minor Penalty to Nicklas Grossmann for Hooking.
8:09 of 1st period - Brian Gionta wins face-off versus Kyle Okposo in Sharks zone.
8:22 of 1st period - Snap shot by Kyle Okposo.
8:22 of 1st period - Shot Misses the Net.
9:16 of 1st period - Slapshot by Gabriel Landeskog.
9:16 of 1st period - Stopped by Antti Raanta with a rebound.
10:08 of 1st period - Penalty to Nicklas Grossmann is over, Nicklas Grossmann is back on ice.
10:19 of 1st period - Wrist shot by Nicolas Deslauriers.
10:19 of 1st period - Shot Blocked by Mark Giordano.
11:01 of 1st period - Dion Phaneuf is hit by Luke Glendening and loses puck.
11:16 of 1st period - Wrist shot by Taylor Hall.
11:16 of 1st period - Stopped by Antti Raanta without a rebound.
11:17 of 1st period - Vernon Fiddler wins face-off versus Riley Nash in Sharks zone.
12:57 of 1st period - Barret Jackman is hit by Brian Gionta and loses puck.
13:14 of 1st period - Snap shot by Dion Phaneuf.
13:14 of 1st period - Deflect By Niklas Kronwall.
13:14 of 1st period - Stopped by Corey Crawford with a rebound.
13:16 of 1st period - Wrist shot by Nicolas Deslauriers.
13:16 of 1st period - Stopped by Corey Crawford without a rebound.
13:17 of 1st period - Riley Nash wins face-off versus Brad Richards in Flyers zone.
13:17 of 1st period - Riley Nash is hit by Dion Phaneuf.
13:32 of 1st period - Slapshot by Brad Richards.
13:32 of 1st period - Stopped by Corey Crawford without a rebound.
13:33 of 1st period - Brad Richards wins face-off versus Bryan Little in Flyers zone.
14:21 of 1st period - Wrist shot by Tomas Fleischmann.
14:21 of 1st period - Stopped by Corey Crawford without a rebound.
14:22 of 1st period - Riley Nash wins face-off versus Maxim Lapierre in Flyers zone.
14:22 of 1st period - Riley Nash is hit by Tomas Fleischmann.
14:29 of 1st period - Minor Penalty to Luke Glendening for Elbowing.
14:30 of 1st period - Vernon Fiddler wins face-off versus Riley Nash in Flyers zone.
15:03 of 1st period - Slapshot by Mike Green.
15:03 of 1st period - Shot Blocked by Niklas Kronwall.
15:05 of 1st period - Slapshot by Dion Phaneuf.
15:05 of 1st period - Shot Blocked by Mark Giordano.
15:07 of 1st period - Backhand shot by Dion Phaneuf.
15:07 of 1st period - Shot Misses the Net.
16:16 of 1st period - Snap shot by Erik Cole.
16:16 of 1st period - Shot Blocked by Barret Jackman.
16:18 of 1st period - Slapshot by Dion Phaneuf.
16:18 of 1st period - Stopped by Corey Crawford with a rebound.
16:29 of 1st period - Penalty to Luke Glendening is over, Luke Glendening is back on ice.
16:55 of 1st period - Minor Penalty to Maxim Lapierre for Holding.
16:56 of 1st period - Bryan Little wins face-off versus Brian Gionta in Sharks zone.
16:59 of 1st period - Snap shot by Bryan Little.
16:59 of 1st period - Shot Blocked by Mike Weber.
17:01 of 1st period - Wrist shot by P.K. Subban.
17:01 of 1st period - Shot Misses the Net.
18:23 of 1st period - Vernon Fiddler is hit by Evgeni Malkin and loses puck.
18:31 of 1st period - Icing by Niklas Kronwall.
18:32 of 1st period - Curtis Glencross wins face-off versus Corey Perry in Flyers zone.
18:55 of 1st period - Penalty to Maxim Lapierre is over, Maxim Lapierre is back on ice.
18:55 of 1st period - Bryan Little is hit by Maxim Lapierre and loses puck.
Goals for this period are 1 for Sharks vs 1 for Flyers.
Shots for this period are 12 for Sharks vs 9 for Flyers.

2nd period


0:01 of 2nd period - Bryan Little wins face-off versus Brad Richards in neutral zone.
0:10 of 2nd period - Off-side.
0:11 of 2nd period - Bryan Little wins face-off versus Brad Richards in neutral zone.
0:18 of 2nd period - Wrist shot by Bryan Little.
0:18 of 2nd period - Stopped by Antti Raanta without a rebound.
0:19 of 2nd period - Bryan Little wins face-off versus Brad Richards in Sharks zone.
0:41 of 2nd period - Snap shot by Taylor Hall.
0:41 of 2nd period - Shot Blocked by Brian Gionta.
1:04 of 2nd period - Icing by Mark Giordano.
1:05 of 2nd period - Evgeni Malkin wins face-off versus Olli Jokinen in Flyers zone.
2:23 of 2nd period - Slapshot by Gabriel Landeskog.
2:23 of 2nd period - Deflect By Luke Glendening.
2:23 of 2nd period - Shot Misses the Net.
2:23 of 2nd period - Puck is out of play.
2:24 of 2nd period - Bryan Little wins face-off versus Brad Richards in Sharks zone.
2:36 of 2nd period - Off-side.
2:37 of 2nd period - Brad Richards wins face-off versus Bryan Little in neutral zone.
2:57 of 2nd period - Wrist shot by Bryan Little.
2:57 of 2nd period - Goal by Bryan Little - Sharks : 1 - Flyers : 2.
2:58 of 2nd period - Derek Roy wins face-off versus Evgeni Malkin in neutral zone.
3:15 of 2nd period - Slapshot by Evgeni Malkin.
3:15 of 2nd period - Shot Misses the Net.
3:21 of 2nd period - Kyle Okposo is hit by Dion Phaneuf and loses puck.
3:34 of 2nd period - Slapshot by Olli Jokinen.
3:34 of 2nd period - Stopped by Corey Crawford without a rebound.
3:35 of 2nd period - Bryan Little wins face-off versus Brad Richards in Flyers zone.
3:52 of 2nd period - Snap shot by Brad Richards.
3:52 of 2nd period - Shot Blocked by Tom Gilbert.
3:54 of 2nd period - Slapshot by Mike Weber.
3:54 of 2nd period - Stopped by Corey Crawford without a rebound.
3:55 of 2nd period - Brad Richards wins face-off versus Bryan Little in Flyers zone.
3:59 of 2nd period - Minor Penalty to Taylor Hall for Holding Stick.
4:00 of 2nd period - Brad Richards wins face-off versus Bryan Little in Flyers zone.
4:02 of 2nd period - Slapshot by Mike Green.
4:02 of 2nd period - Deflect By Brad Richards.
4:02 of 2nd period - Shot Blocked by Niklas Kronwall.
4:02 of 2nd period - Puck is out of play.
4:03 of 2nd period - Bryan Little wins face-off versus Brad Richards in Flyers zone.
4:08 of 2nd period - Slapshot by Niklas Kronwall.
4:08 of 2nd period - Shot Misses the Net.
4:16 of 2nd period - Snap shot by Brad Richards.
4:16 of 2nd period - Shot Blocked by Niklas Kronwall.
4:22 of 2nd period - Slapshot by Dion Phaneuf.
4:22 of 2nd period - Stopped by Corey Crawford without a rebound.
4:23 of 2nd period - Bryan Little wins face-off versus Vernon Fiddler in Flyers zone.
4:35 of 2nd period - Slapshot by Dion Phaneuf.
4:35 of 2nd period - Deflect By Mark Giordano.
4:35 of 2nd period - Stopped by Corey Crawford with a rebound.
5:13 of 2nd period - Dion Phaneuf is hit by Luke Glendening and loses puck.
5:54 of 2nd period - Niklas Kronwall is hit by Olli Jokinen and loses puck.
5:59 of 2nd period - Penalty to Taylor Hall is over, Taylor Hall is back on ice.
6:01 of 2nd period - Slapshot by Derek Roy.
6:01 of 2nd period - Stopped by Corey Crawford without a rebound.
6:02 of 2nd period - Evgeni Malkin wins face-off versus Vernon Fiddler in Flyers zone.
6:22 of 2nd period - Wrist shot by Evgeni Malkin.
6:22 of 2nd period - Shot Misses the Net.
6:24 of 2nd period - Wrist shot by Tom Gilbert.
6:24 of 2nd period - Stopped by Antti Raanta without a rebound.
6:25 of 2nd period - Evgeni Malkin wins face-off versus Maxim Lapierre in Sharks zone.
6:28 of 2nd period - Slapshot by Kyle Okposo.
6:28 of 2nd period - Stopped by Antti Raanta with a rebound.
6:40 of 2nd period - Snap shot by Kyle Okposo.
6:40 of 2nd period - Stopped by Antti Raanta with a rebound.
7:02 of 2nd period - Minor Penalty to Barret Jackman for Hooking.
7:03 of 2nd period - Brad Richards wins face-off versus Bryan Little in Flyers zone.
7:10 of 2nd period - Wrist shot by Brad Richards.
7:10 of 2nd period - Stopped by Corey Crawford without a rebound.
7:11 of 2nd period - Brad Richards wins face-off versus Bryan Little in Flyers zone.
7:22 of 2nd period - Wrist shot by Erik Cole.
7:22 of 2nd period - Stopped by Corey Crawford with a rebound.
7:24 of 2nd period - Slapshot by Mike Weber.
7:24 of 2nd period - Shot Misses the Net.
7:26 of 2nd period - Slapshot by Mike Weber.
7:26 of 2nd period - Shot Misses the Net.
8:02 of 2nd period - Mark Stuart is hit by Derek Roy and loses puck.
9:01 of 2nd period - Dion Phaneuf is hit by Luke Glendening and loses puck.
9:02 of 2nd period - Penalty to Barret Jackman is over, Barret Jackman is back on ice.
9:38 of 2nd period - Wrist shot by Jakub Voracek.
9:38 of 2nd period - Shot Misses the Net.
9:40 of 2nd period - Snap shot by Niklas Kronwall.
9:40 of 2nd period - Shot Blocked by Luca Sbisa.
9:42 of 2nd period - Slapshot by Mark Giordano.
9:42 of 2nd period - Shot Blocked by Luca Sbisa.
9:44 of 2nd period - Slapshot by Niklas Kronwall.
9:44 of 2nd period - Shot Blocked by Maxim Lapierre.
9:46 of 2nd period - Slapshot by Mark Giordano.
9:46 of 2nd period - Stopped by Antti Raanta with a rebound.
9:48 of 2nd period - Slapshot by Mark Giordano.
9:48 of 2nd period - Shot Misses the Net.
10:10 of 2nd period - Wrist shot by Bryan Little.
10:10 of 2nd period - Stopped by Antti Raanta with a rebound.
10:20 of 2nd period - Wrist shot by Chris Kreider.
10:20 of 2nd period - Deflect By Ian Cole.
10:20 of 2nd period - Stopped by Antti Raanta with a rebound.
10:38 of 2nd period - Snap shot by Gabriel Landeskog.
10:38 of 2nd period - Stopped by Antti Raanta without a rebound.
10:39 of 2nd period - Evgeni Malkin wins face-off versus Maxim Lapierre in Sharks zone.
10:42 of 2nd period - Snap shot by Jakub Voracek.
10:42 of 2nd period - Deflect By Kyle Okposo.
10:42 of 2nd period - Shot Misses the Net.
10:42 of 2nd period - Puck is out of play.
10:43 of 2nd period - Evgeni Malkin wins face-off versus Maxim Lapierre in Sharks zone.
10:50 of 2nd period - Wrist shot by Evgeni Malkin.
10:50 of 2nd period - Stopped by Antti Raanta with a rebound.
10:52 of 2nd period - Minor Penalty to Mike Weber for Hooking.
10:53 of 2nd period - Brian Gionta wins face-off versus Bryan Little in Sharks zone.
12:38 of 2nd period - Jay Harrison is hit by Bryan Little and loses puck.
12:47 of 2nd period - Erik Cole is hit by Bryan Little.
12:52 of 2nd period - Penalty to Mike Weber is over, Mike Weber is back on ice.
13:01 of 2nd period - Mark Stuart is hit by Jay Harrison and loses puck.
13:10 of 2nd period - Snap shot by Riley Nash.
13:10 of 2nd period - Deflect By Gabriel Landeskog.
13:10 of 2nd period - Stopped by Antti Raanta without a rebound.
13:11 of 2nd period - Riley Nash wins face-off versus Maxim Lapierre in Sharks zone.
13:35 of 2nd period - Minor Penalty to Corey Perry for Holding.
13:36 of 2nd period - Bryan Little wins face-off versus Vernon Fiddler in Flyers zone.
13:44 of 2nd period - Vernon Fiddler is hit by Mark Giordano and loses puck.
15:35 of 2nd period - Penalty to Corey Perry is over, Corey Perry is back on ice.
15:48 of 2nd period - Backhand shot by P.K. Subban.
15:48 of 2nd period - Stopped by Antti Raanta with a rebound.
16:21 of 2nd period - Slapshot by Richard Panik.
16:21 of 2nd period - Deflect By Tomas Fleischmann.
16:21 of 2nd period - Shot Blocked by Tom Gilbert.
16:21 of 2nd period - Puck is out of play.
16:22 of 2nd period - Evgeni Malkin wins face-off versus Brian Gionta in Flyers zone.
16:27 of 2nd period - Kyle Okposo is hit by Nicolas Deslauriers and loses puck.
16:35 of 2nd period - Jay Harrison is hit by Kyle Okposo and loses puck.
17:52 of 2nd period - Slapshot by P.K. Subban.
17:52 of 2nd period - Shot Blocked by Dion Phaneuf.
17:54 of 2nd period - Snap shot by Riley Nash.
17:54 of 2nd period - Shot Blocked by Mike Green.
18:27 of 2nd period - Mark Stuart is hit by Dion Phaneuf and loses puck.
18:39 of 2nd period - Icing by Bryan Little.
18:40 of 2nd period - Bryan Little wins face-off versus Maxim Lapierre in Flyers zone.
18:51 of 2nd period - Wrist shot by Gabriel Landeskog.
18:51 of 2nd period - Shot Blocked by Mike Weber.
18:59 of 2nd period - Nicklas Grossmann is hit by Mark Stuart and loses puck.
Goals for this period are 0 for Sharks vs 1 for Flyers.
Shots for this period are 7 for Sharks vs 12 for Flyers.

3rd period


0:01 of 3rd period - Bryan Little wins face-off versus Brad Richards in neutral zone.
0:58 of 3rd period - P.K. Subban is hit by Vernon Fiddler and loses puck.
1:14 of 3rd period - Barret Jackman is hit by Dion Phaneuf and loses puck.
2:19 of 3rd period - Tom Gilbert is hit by Curtis Glencross.
2:26 of 3rd period - Nicolas Deslauriers beats up Chris Kreider.
2:26 of 3rd period - Penalty to Chris Kreider for Fighting.
2:26 of 3rd period - Penalty to Nicolas Deslauriers for Fighting.
2:27 of 3rd period - Vernon Fiddler wins face-off versus Evgeni Malkin in Sharks zone.
2:35 of 3rd period - Minor Penalty to Jakub Voracek for Interference.
2:36 of 3rd period - Brad Richards wins face-off versus Bryan Little in Flyers zone.
3:23 of 3rd period - Slapshot by Niklas Kronwall.
3:23 of 3rd period - Stopped by Antti Raanta with a rebound.
3:50 of 3rd period - Barret Jackman is hit by Olli Jokinen and loses puck.
4:35 of 3rd period - Penalty to Jakub Voracek is over, Jakub Voracek is back on ice.
4:53 of 3rd period - Snap shot by Tomas Fleischmann.
4:53 of 3rd period - Shot Blocked by Riley Nash.
5:32 of 3rd period - Minor Penalty to Luca Sbisa for Hooking.
5:33 of 3rd period - Evgeni Malkin wins face-off versus Brian Gionta in Sharks zone.
6:07 of 3rd period - Snap shot by Kyle Okposo.
6:07 of 3rd period - Shot Blocked by Brian Gionta.
6:09 of 3rd period - Slapshot by Niklas Kronwall.
6:09 of 3rd period - Shot Misses the Net.
6:11 of 3rd period - Snap shot by P.K. Subban.
6:11 of 3rd period - Shot Misses the Net.
6:41 of 3rd period - Slapshot by P.K. Subban.
6:41 of 3rd period - Shot Blocked by Mike Green.
7:26 of 3rd period - Penalty to Nicolas Deslauriers is over, Nicolas Deslauriers is back on ice.
7:47 of 3rd period - Wrist shot by Corey Perry.
7:47 of 3rd period - Shot Misses the Net.
8:22 of 3rd period - Slapshot by Gabriel Landeskog.
8:22 of 3rd period - Stopped by Antti Raanta with a rebound.
9:34 of 3rd period - Minor Penalty to Chris Kreider for Hooking.
9:35 of 3rd period - Vernon Fiddler wins face-off versus Riley Nash in Flyers zone.
10:59 of 3rd period - Wrist shot by Erik Cole.
10:59 of 3rd period - Deflect By Tomas Fleischmann.
10:59 of 3rd period - Stopped by Corey Crawford with a rebound.
11:01 of 3rd period - Slapshot by Nicklas Grossmann.
11:01 of 3rd period - Stopped by Corey Crawford with a rebound.
11:34 of 3rd period - Penalty to Chris Kreider is over, Chris Kreider is back on ice.
11:41 of 3rd period - Erik Cole is hit by Chris Kreider.
12:07 of 3rd period - Off-side.
12:08 of 3rd period - Bryan Little wins face-off versus Maxim Lapierre in neutral zone.
12:48 of 3rd period - Kyle Okposo is hit by Curtis Glencross and loses puck.
13:01 of 3rd period - Tom Gilbert is hit by Luca Sbisa and loses puck.
13:35 of 3rd period - Chris Kreider is hit by Ian Cole and loses puck.
13:50 of 3rd period - Minor Penalty to Bryan Little for Hooking.
13:51 of 3rd period - Brad Richards wins face-off versus Riley Nash in Flyers zone.
14:07 of 3rd period - Wrist shot by Erik Cole.
14:07 of 3rd period - Shot Blocked by Mark Stuart.
14:09 of 3rd period - Slapshot by Dion Phaneuf.
14:09 of 3rd period - Deflect By Riley Nash.
14:09 of 3rd period - Stopped by Corey Crawford without a rebound.
14:10 of 3rd period - Riley Nash wins face-off versus Brad Richards in Flyers zone.
14:10 of 3rd period - Riley Nash is hit by Dion Phaneuf.
14:30 of 3rd period - Barret Jackman is hit by Mike Weber and loses puck.
14:40 of 3rd period - Minor Penalty to Barret Jackman for Hooking.
14:41 of 3rd period - Riley Nash wins face-off versus Brad Richards in Flyers zone.
15:50 of 3rd period - Penalty to Bryan Little is over, Bryan Little is back on ice.
16:19 of 3rd period - Slapshot by Dion Phaneuf.
16:19 of 3rd period - Deflect By P.K. Subban.
16:19 of 3rd period - Stopped by Corey Crawford with a rebound.
16:21 of 3rd period - Snap shot by Olli Jokinen.
16:21 of 3rd period - Stopped by Corey Crawford with a rebound.
16:40 of 3rd period - Penalty to Barret Jackman is over, Barret Jackman is back on ice.
16:45 of 3rd period - P.K. Subban is hit by Dion Phaneuf.
16:58 of 3rd period - Double Minor Penalty to Jay Harrison for Charging.
16:59 of 3rd period - Evgeni Malkin wins face-off versus Brian Gionta in Sharks zone.
17:18 of 3rd period - Slapshot by Corey Perry.
17:18 of 3rd period - Stopped by Antti Raanta with a rebound.
17:20 of 3rd period - Backhand shot by Gabriel Landeskog.
17:20 of 3rd period - Stopped by Antti Raanta with a rebound.
17:22 of 3rd period - Slapshot by Gabriel Landeskog.
17:22 of 3rd period - Shot Blocked by Mike Weber.
17:24 of 3rd period - Slapshot by Mark Giordano.
17:24 of 3rd period - Deflect By Evgeni Malkin.
17:24 of 3rd period - Stopped by Antti Raanta without a rebound.
17:25 of 3rd period - Bryan Little wins face-off versus Brian Gionta in Sharks zone.
19:36 of 3rd period - Wrist shot by Evgeni Malkin.
19:36 of 3rd period - Stopped by Antti Raanta with a rebound.
Goals for this period are 0 for Sharks vs 0 for Flyers.
Shots for this period are 5 for Sharks vs 6 for Flyers.